 Dungeon Crawl Stone Soup version 0.18.1-1-g2f07953 (webtiles) character file.

137 Sixotanaka the Slasher (level 5, -3/41 HPs)
             Began as a Human Fighter on May 22, 2016.
             Was an Initiate of Okawaru.
             Killed by divine providence
             ... invoked by an orc priest
              (11 damage)
             ... on level 3 of the Dungeon.
             The game lasted 00:05:57 (3148 turns).

Sixotanaka the Slasher (Human Fighter)              Turns: 3148, Time: 00:05:57

Health: -3/41      AC:  7    Str: 22    XL:     5   Next: 44%
Magic:  5/5        EV: 12    Int:  8    God:    Okawaru [......]
Gold:   156        SH: 10    Dex: 18    Spells: 0 memorised, 4 levels left

rFire  . . .     SeeInvis .     a - +0 long sword
rCold  . . .     Gourm    .     b - +0 scale mail
rNeg   . . .     Faith    .     c - +0 shield
rPois  .         Spirit   .     (no helmet)
rElec  .         Dismiss  .     (no cloak)
rCorr  .         Reflect  .     p - +0 pair of gloves
SustAt .         Harm     .     (no boots)
MR     .....                    (no amulet)
Stlth  +.........               (no ring)
                                (no ring)

@: mighty, agile, not resistant to hostile enchantments, very unstealthy
A: no striking features
a: Renounce Religion


You were on level 3 of the Dungeon.
You worshipped Okawaru.
Okawaru was noncommittal.
You were not hungry.

You visited 1 branch of the dungeon, and saw 3 of its levels.

You collected 156 gold pieces.


   Skills:
 - Level 3.0 Fighting
 + Level 5.2 Long Blades
 - Level 3.0 Armour
 - Level 3.0 Shields


You had 4 spell levels left.
You didn't know any spells.

Dungeon Overview and Level Annotations

Branches:
Dungeon (3/15)

Altars:
Elyvilon
Fedhas
Okawaru
Yredelemnul

Inventory:

Hand Weapons
 a - a +0 long sword (weapon)
 e - a +2 short sword of flaming
   (You took it off a kobold on level 1 of the Dungeon)
Missiles
 i - 14 poisoned needles
 k - 7 curare-tipped needles
Armour
 b - a +0 scale mail (worn)
 c - a +0 shield (worn)
 p - a +0 pair of gloves (worn)
Magical Staves
 g - an uncursed staff of conjuration {unknown}
Scrolls
 h - a scroll of recharging {unknown}
 j - a scroll of fog {unknown}
 l - a scroll of identify {@r1}
 r - a scroll of blinking {unknown}
 u - a scroll of enchant weapon {unknown}
Potions
 n - 2 potions of flight {unknown}
 q - a potion of lignification {unknown}
 t - 3 potions of curing {unknown}
 w - 2 potions of degeneration {unknown}
Comestibles
 f - 2 bread rations
 o - a meat ration
 s - a royal jelly
 v - 4 chunks of flesh

.#.## #..........#
...# #....#.#..# #.##
##[#.....## #.##
#o####### ...#
##.######## #.##
#..s.......
#.##########...#######
...............o.#
.#..#..........#@#
.#.##.#.#.#...##.#
###.#.......#.##.#
.#....#.#.#......#
.#..........#.####
).....#.#.#.#.#
............#.#
####....###...# #
#.#### ###.#


You could see an orc priest, an orc and a giant cockroach.


Message History

You start resting.
Eating one of 2 chunks of flesh.
You feel sick.
You continue eating. x2
You feel sick. x5
You are no longer poisoned.
Found 13 stones.
Found 2 viscous emerald potions.
Found a dagger.
Found a stone staircase leading down.
w - 2 viscous emerald potions
Found a murky black potion.
n - 2 murky black potions (gained 1)
A giant newt comes into view.
A goblin comes into view. It is wielding a dagger.
The goblin shouts!
You closely miss the giant newt. The giant newt closely misses you.
You slash the giant newt!
You kill the giant newt!
Your shield and scale mail prevent you from hitting the goblin.
The goblin barely misses you.
You barely miss the goblin. The goblin hits you but does no damage.
You hit the goblin.
You kill the goblin!
Okawaru accepts your kill.
No target in view!
You start resting.
Things that are here:
a dagger; a goblin corpse You butcher the goblin corpse.
v - 4 chunks of flesh (gained 3)
You see here a dagger.
You see here a dagger.
Found 7 gold pieces.
You now have 156 gold pieces (gained 7).
You open the door.
An orc comes into view.
The orc shouts! x2
The orc throws a tomahawk.
The tomahawk closely misses you.
The orc drinks a potion.
The orc suddenly seems more agile.
There are monsters nearby!
There are monsters nearby!
A giant cockroach comes into view.
The orc throws a tomahawk.
The tomahawk hits you.
There is an open door here.
You see here a tomahawk.
The orc priest hits you with a war axe!
Found a leather armour.
There is an open door here.
You see here a tomahawk.
The orc throws a tomahawk.
You block the tomahawk.
The orc priest mumbles some strange prayers to Beogh against you.
Beogh smites you!
* * * LOW HITPOINT WARNING * * *
You see here 2 tomahawks.
Drink which item? (? for menu, Esc to quit)
You feel very mighty all of a sudden.
The orc throws a tomahawk.
The tomahawk hits you but does no damage.
Drink which item? (? for menu, Esc to quit)
You feel agile all of a sudden.
You closely miss the orc.
The orc priest calls down the wrath of Beogh upon you.
Beogh smites you!
* * * LOW HITPOINT WARNING * * *
You slash the orc!
You kill the orc!
Okawaru accepts your kill.
Unknown command.
The orc priest mumbles some strange prayers to Beogh against you.
Beogh smites you!
You die...

Action                   |  1- 3 |  4- 6 || total
-------------------------+-------+-------++-------
Melee: Long sword        |   117 |   143 ||   260
  Use: Scroll            |     2 |     1 ||     3
       Potion            |       |     2 ||     2
  Eat: Chunk             |     1 |     5 ||     6
       Pizza             |       |     1 ||     1
Armor: Scale mail        |    43 |    89 ||   132
Dodge: Dodged            |    29 |    65 ||    94
Block: Shield            |    48 |    99 ||   147

Vault maps used:
D:1:      minmay_arrival_jagged
D:2:      grunt_temple_overflow_open, okawaru_altar_gauntlet_db
D:3:      tgw_sif, first_bread, serial_glass, glass_columns_b, glass_columns_b,
          glass_columns_b, glass_columns_b, glass_columns_a, glass_columns_b,
          glass_columns_b, glass_columns_b, glass_columns_a, glass_columns_b,
          glass_columns_a, glass_columns_c, glass_columns_a, glass_columns_b,
          st_stairs_10, minivault_26

Notes
Turn   | Place    | Note
--------------------------------------------------------------
     0 | D:1      | Sixotanaka the Human Fighter began the quest for the Orb.
     0 | D:1      | Reached XP level 1. HP: 18/18 MP: 1/1
   113 | D:1      | Reached XP level 2. HP: 24/24 MP: 2/2
   324 | D:1      | Reached skill level 3 in Long Blades
   492 | D:1      | Reached XP level 3. HP: 28/29 MP: 3/3
  1366 | D:2      | Reached skill level 4 in Long Blades
  1366 | D:2      | Reached XP level 4. HP: 28/35 MP: 4/4
  1907 | D:2      | Found a basalt altar of Yredelemnul.
  1912 | D:2      | Found a blossoming altar of Fedhas.
  1912 | D:2      | Found a white marble altar of Elyvilon.
  2047 | D:2      | Reached XP level 5. HP: 20/41 MP: 5/5
  2282 | D:2      | Found an iron altar of Okawaru.
  2428 | D:2      | Became a worshipper of Warmaster Okawaru
  2589 | D:3      | Reached skill level 5 in Long Blades
  3142 | D:3      | HP: 7/41 [orc priest/divine providence (10)]
  3148 | D:3      | Killed from afar by an orc priest

Vanquished Creatures
  3 gnolls (D:2)
  3 adders
  3 worms
  A dart slug (D:2)
  2 giant geckos (D:2)
  2 orcs (D:3)
  2 ball pythons (D:2)
  3 bats (D:2)
  5 giant cockroaches
  9 hobgoblins
  2 jackals (D:1)
  7 giant newts
  9 goblins
  10 kobolds
  7 rats
68 creatures vanquished.
